 Dungeon Crawl Stone Soup version 0.29-a0-870-g2c972031a6 (webtiles) character file.

Game seed: 12151272451461395429

103384 Demosthentine the Phalangite (level 16, -6/137 HPs)
             Began as a Merfolk Gladiator on July 17, 2022.
             Was the Champion of the Shining One.
             Killed from afar by Jorgrun (53 damage)
             ... with an iron shot
             ... on level 1 of the Orcish Mines.
             The game lasted 00:29:15 (23114 turns).

Demosthentine the Phalangite (Merfolk Gladiator)   Turns: 23114, Time: 00:29:15

Health: -6/137     AC: 16    Str: 17      XL:     16   Next: 35%
Magic:  23/28      EV: 22    Int:  7 (8)  God:    the Shining One [******]
Gold:   3030       SH: 11    Dex: 20      Spells: 15/15 levels left

rFire   . . .      SeeInvis +   M - +7 trident
rCold   + . .      Faith    .   a - +0 buckler
rNeg    + + +      Spirit   .   k - +0 troll leather armour
rPois   .          Reflect  +   Q - +2 helmet {SInv}
rElec   .          Harm     .   S - +0 cloak {rC+}
rCorr   .          Rampage  .   w - +0 pair of gloves
Will    +....                   j - +0 pair of boots
Stlth   +.........              h - amulet of reflection
HPRegen 1.12/turn               J - +4 ring of slaying
MPRegen 0.21/turn               g - +4 ring of protection

@: grasped by roots, glowing, constricted, studying Invocations
A: (nimble swimmer 2), mertail
a: Renounce Religion, Divine Shield, Cleansing Flame, Summon Divine Warrior,
Brand Weapon With Holy Wrath


You were on level 1 of the Orcish Mines.
You worshipped the Shining One.
The Shining One was exalted by your worship.
You visited 4 branches of the dungeon, and saw 23 of its levels.
You also visited: Ossuary and Ice Cave.

You collected 3161 gold pieces.
You donated 131 gold pieces to Zin.

Inventory:

Hand Weapons
 M - a +7 trident (weapon)
Missiles
 d - 4 throwing nets (quivered)
Armour
 a - a +0 buckler (worn)
 j - a +0 pair of boots (worn)
 k - a +0 troll leather armour (worn)
 w - a +0 pair of gloves (worn)
 F - a +2 leather armour of cold resistance
 Q - a +2 helmet of see invisible (worn)
 S - a +0 cloak of cold resistance (worn)
Jewellery
 b - a ring of resist corrosion
 g - a +4 ring of protection (right hand)
 h - an amulet of reflection (around neck)
 r - a ring of poison resistance
 I - a ring of protection from fire
 J - a +4 ring of slaying (left hand)
Wands
 f - a wand of acid (10)
 t - a wand of digging (16)
 z - a wand of iceblast (13)
 K - a wand of flame (13)
Scrolls
 l - a scroll of silence
 q - a scroll of fog
 v - 4 scrolls of magic mapping
 B - 5 scrolls of teleportation
 E - 4 scrolls of identify
 L - a scroll of blinking
 P - a scroll of fear
Potions
 e - 2 potions of berserk rage
 m - 2 potions of heal wounds
 n - 12 potions of curing
 o - 3 potions of magic
 u - 5 potions of lignification
 x - 3 potions of resistance
 A - 8 potions of haste
 H - a potion of might


   Skills:
 + Level 15.6 Fighting
 + Level 21.4 Polearms
 - Level 2.0 Throwing
 - Level 5.6 Armour
 + Level 18.6 Dodging
 - Level 5.9 Shields
 + Level 16.1 Invocations


You had 15 spell levels left.
You didn't know any spells.
Your spell library contained the following spells:

 Spells                   Type           Power      Damage    Failure   Level
 Beastly Appendage        Tmut           0%         N/A       56%         1
 Sandblast                Erth           0%         2d4       56%         1
 Sting                    Tmut/Pois      0%         1d3       56%         1
 Passwall                 Tmut/Erth      0%         N/A       71%         2
 Static Discharge         Conj/Air       0%         3-3/arc   71%         2
 Call Canine Familiar     Summ           0%         N/A       91%         3
 Confusing Touch          Hex            0%         N/A       91%         3
 Conjure Flame            Conj/Fire      0%         6-21      91%         3
 Ignite Poison            Fire/Tmut/Pois 0%         N/A       91%         3
 Ozocubu's Armour         Ice            0%         N/A       91%         3
 Portal Projectile        Hex/Tloc       0%         N/A       91%         3
 Stone Arrow              Conj/Erth      0%         3d7       91%         3
 Tukima's Dance           Hex            0%         N/A       91%         3
 Hailstorm                Conj/Ice       0%         3d3       100%        4
 Ice Form                 Ice/Tmut       0%         N/A       100%        4
 Leda's Liquefaction      Hex/Erth       0%         N/A       100%        4
 Sticky Flame             Conj/Fire      0%         2d3       100%        4
 Summon Lightning Spire   Summ/Air       0%         N/A       100%        4
 Alistair's Intoxication  Tmut/Pois      0%         N/A       100%        5
 Blade Hands              Tmut           0%         N/A       100%        5
 Fireball                 Conj/Fire      0%         3d3       100%        5
 Irradiate                Conj/Tmut      0%         3d11      100%        5
 Iskenderun's Battlesphe  Conj           0%         2d6       100%        5
 Lightning Bolt           Conj/Air       0%         1d11      100%        5
 Metabolic Englaciation   Hex/Ice        0%         N/A       100%        5
 Summon Forest            Summ/Tloc      0%         N/A       100%        5
 Yara's Violent Unravell  Hex/Tmut       0%         3d3       100%        5
 Conjure Ball Lightning   Conj/Air       0%         3x3d6     100%        6
 Eringya's Noxious Bog    Tmut/Pois      0%         N/A       100%        6
 Simulacrum               Ice/Necr       0%         N/A       100%        6
 Starburst                Conj/Fire      0%         6d3       100%        6
 Statue Form              Tmut/Erth      0%         N/A       100%        6
 Dragon Form              Tmut           0%         N/A       100%        7
 Enfeeble                 Hex            0%         N/A       100%        7
 Orb of Destruction       Conj           0%         9d5       100%        7
 Ozocubu's Refrigeration  Ice            0%         4d5       100%        7
 Storm Form               Tmut/Air       0%         N/A       100%        7
 Summon Hydra             Summ           0%         N/A       100%        7
 Ignition                 Fire           0%         3d3       100%        8
 Maxwell's Capacitive Co  Air            0%         ∞         100%        8


Dungeon Overview and Level Annotations

Branches:
Dungeon (15/15)            Temple (1/1) D:6            Lair (5/5) D:9
 Shoals (0/4) Lair:3       Spider (0/4) Lair:2        Slime (0/5) Lair:4
    Orc (2/2) D:10            Elf (0/3) Orc:2        Vaults (0/5) D:13
 Depths (0/4) D:15        Ossuary (visited)           IceCv (visited)

Altars:
Ashenzari
Cheibriados
Dithmenos
Elyvilon
Fedhas
Gozag
Hepliaklqana
Kikubaaqudgha
Makhleb
Nemelex Xobeh
Okawaru
Qazlal
Ru
Sif Muna
Trog
Uskayaw
Vehumet
Wu Jian
Xom
Yredelemnul
Zin
The Shining One
Jiyva
Lugonu

Shops:
Orc:1 [

Portals:
Abyss: D:15 Lair:5

Annotations:
D:15 2 transporters, Keluf's ghost, journeyman GrFi
Orc:1 Jorgrun
Orc:2 Rupert


Innate Abilities, Weirdness & Mutations

((You are very nimble when in or above water. (Stealth+, EV+, Speed+++)))
Your lower body shifts to a powerful aquatic tail in water.


Message History

Jorgrun is moderately wounded.
You block the orc wizard's attack. You block the orc's attack.
The orc closely misses you.
Jorgrun hits you with a +0 vorpal quarterstaff!
The grasping roots constrict you!
An orc wizard comes into view. It is wielding a +0 dagger.
You puncture Jorgrun!
Jorgrun is moderately wounded.
The orc wizard gestures at you while chanting.
The puff of flame misses you. The orc misses you. x2
Jorgrun hits you but does no damage. The grasping roots constrict you!
Unknown command.
You impale Jorgrun!!
Jorgrun is heavily wounded.
Unknown command.
Activating: Cleansing Flame (0% risk of failure)
Press: ? - help, Dir - look around, f - activate The golden flame engulfs you but does no damage.
You resist.
The golden flame engulfs Jorgrun!!
Jorgrun is severely wounded.
The golden flame engulfs the orc!!
You kill the orc!
The golden flame engulfs the orc wizard!
You kill the orc wizard!
The golden flame engulfs the orc!!
You kill the orc!
You hear a shout! x4
An orc sorcerer comes into view. It is wielding a +0 dagger of venom.
Jorgrun completely misses you. The grasping roots constrict you!
The orc wizard gestures at you while chanting.
The magic dart hits you but does no damage.
Unknown command.
Unknown command.
Unknown command.
Unknown command.
You puncture Jorgrun!
Jorgrun is severely wounded.
Jorgrun casts a spell at you. The iron shot hits you!!!
You die...

. #................#.
#.#####.................#
#....#..................
#.....................
###o.............###..
##..............#...
########..................
........g.................
........)@...............#
........))..............##
.........................#
................. ........
................. ........
..........................
....o.....................
#.......................
............#..


You could see Jorgrun, an orc sorcerer and an orc wizard.

Vanquished Creatures
  Agnes (D:15)
  Frances (D:14)
  Roxanne (D:15)
  An orc warlord (Orc:1)
  The ghost of Qatuann the Fighter, a journeyman TrBe of Trog (Lair:5)
  A stone giant (D:15)
  Nessos (D:15)
  Snorg (Lair:4)
  Josephine (D:11)
  2 vault guards (D:13)
  Fannar (D:12)
  Erolcha (D:12)
  A boulder beetle (D:12)
  An ogre mage (D:15)
  6 two-headed ogres
  6 hydras
  3 catoblepae
  Erica (Lair:1)
  4 centaur warriors
  A death yak (Lair:3)
  Urug (D:11)
  3 tengu warriors
  An orc high priest (Orc:1)
  2 thrashing horrors (Lair:5)
  Amaemon (Lair:2)
  A fire crab (shapeshifter) (D:15)
  3 skeletal warriors (D:14)
  A lindwurm (Lair:3)
  2 bog bodies (IceCv)
  2 large abominations (Lair:5)
  An orc knight (D:15)
  2 deep elf zephyrmancers (Orc:1)
  4 orc sorcerers
  10 ugly things
  2 manticores
  3 cyclopes
  17 elephants
  Joseph (D:7)
  A torpor snail (Lair:3)
  3 black mambas
  A smoke demon (Lair:5)
  An ice statue (IceCv)
  8 cane toads
  2 unseen horrors
  An orange demon (Lair:2)
  11 rime drakes
  4 anaconda simulacra (IceCv)
  12 komodo dragons
  2 entropy weaver simulacra (IceCv)
  2 tengu conjurers (D:14)
  2 ancient zymes (Lair:5)
  3 meliai (Lair:3)
  2 queen bees (Lair:3)
  4 trolls
  21 blink frogs
  13 slime creatures
  10 dream sheep (Lair:3)
  3 ynoxinuls (Lair:5)
  A spriggan (Lair:5)
  2 shadows
  An air elemental (D:14)
  16 wyverns
  8 wraiths
  Grum (D:9)
  50 yaks
  A vampire (D:9)
  A dire elephant simulacrum (IceCv)
  9 basilisks
  9 humans (D:13)
  A steam dragon (D:6)
  3 death yak simulacra (IceCv)
  13 vampire mosquitoes
  2 chaos spawn (Lair:5)
  A warg (Orc:2)
  3 acid dragons
  8 water moccasins
  2 hell hounds (D:14)
  2 ice beasts
  21 orc warriors
  3 sky beasts
  5 black bears
  9 wolves
  4 boggarts (D:15)
  5 ogres
  7 centaurs
  2 kobold brigands
  11 bullfrogs
  2 necrophages
  A gnoll sergeant (D:10)
  2 cane toad simulacra (IceCv)
  5 scorpions
  6 two-headed ogre simulacra (IceCv)
  3 water moccasin zombies (Ossuary)
  7 small abominations (Lair:5)
  10 wights
  2 elephant simulacra (IceCv)
  52 killer bees (Lair:3)
  2 vampire bats (D:5)
  15 jellies
  12 orc priests
  Crazy Yiuf (D:2)
  5 hounds
  3 gnoll boudas
  Natasha (thrice) (D:4)
  7 hell rats
  3 iguanas
  9 orc wizards
  7 troll simulacra (IceCv)
  6 spriggan simulacra (IceCv)
  2 wolf simulacra (IceCv)
  2 mummies (Ossuary)
  16 gnolls
  5 adders
  4 naga simulacra (IceCv)
  20 white imps
  9 ufetubi
  6 adder zombies (Ossuary)
  4 worms
  A dart slug (D:4)
  69 orcs
  13 ball pythons
  12 bats
  12 endoplasms
  2 giant cockroaches (D:1)
  7 gnoll zombies (Ossuary)
  5 goblins
  8 hobgoblins
  18 kobolds
  6 quokkas
  2 frilled lizards (D:1)
  3 hobgoblin zombies (Ossuary)
  5 kobold zombies (Ossuary)
  4 orc zombies (Ossuary)
  8 rats
806 creatures vanquished.

Vanquished Creatures (collateral kills)
  An orc high priest (Orc:1)
  A deep elf archer (Orc:1)
  A deep elf zephyrmancer (Orc:1)
  An orc wizard (Orc:1)
4 creatures vanquished.

Vanquished Creatures (others)
  A manticore (D:14)
  A human (D:13)
  An orc warrior (Orc:1)
  An orc wizard (Orc:1)
  18 fungi
  23 plants
  2 withered plants (D:12)
47 creatures vanquished.

Grand Total: 857 creatures vanquished

Notes
Turn   | Place    | Note
-------+----------+-------------------------------------------
     0 | D:1      | Demosthentine the Merfolk Gladiator began the quest for the
                  | Orb.
     0 | D:1      | Reached XP level 1. HP: 16/16 MP: 1/1
    78 | D:1      | Reached XP level 2. HP: 12/23 MP: 2/2
   411 | D:1      | Found a faded altar of an unknown god.
   660 | D:1      | Reached XP level 3. HP: 24/28 MP: 3/3
  1326 | D:1      | Identified a scroll of acquirement
  1326 | D:1      | Acquired a manual of Polearms
  1890 | D:2      | Reached skill level 1 in Armour
  1929 | D:2      | Reached XP level 4. HP: 35/35 MP: 4/4
  2031 | D:2      | Found a runed translucent door.
  2032 | D:2      | Noticed Crazy Yiuf
  2101 | D:2      | Reached skill level 5 in Polearms
  2364 | D:2      | Killed Crazy Yiuf
  2374 | D:2      | Identified the +9 hammer of Luly {antimagic, Fragile rPois
                  | Int+2}
  2444 | D:2      | Reached skill level 5 in Dodging
  2578 | D:3      | Reached XP level 5. HP: 41/41 MP: 5/5
  2654 | D:3      | Noticed a black bear
  2674 | D:3      | Killed a black bear
  2675 | D:3      | Reached skill level 6 in Polearms
  2675 | D:3      | Reached XP level 6. HP: 37/48 MP: 6/6
  3230 | D:3      | You fall into a shaft and drop 3 floors!
  3231 | D:6      | Acquired 628 gold pieces
  3262 | D:6      | Noticed a wraith
  3282 | D:6      | Killed a wraith
  3283 | D:6      | Reached skill level 7 in Polearms
  3283 | D:6      | Reached XP level 7. HP: 52/55 MP: 7/7
  3390 | D:6      | Found a sand-covered staircase.
  3403 | Ossuary  | Entered an ossuary
  3487 | Ossuary  | Reached skill level 8 in Polearms
  3616 | Ossuary  | Reached skill level 5 in Fighting
  3672 | D:5      | Entered Level 5 of the Dungeon
  3764 | D:4      | Noticed Natasha
  3769 | D:4      | Killed Natasha
  3863 | D:4      | Reached skill level 9 in Polearms
  3863 | D:4      | Reached XP level 8. HP: 60/62 MP: 8/8
  3863 | D:4      | Noticed Natasha
  3876 | D:4      | Killed Natasha
  4209 | D:4      | Noticed Natasha
  4241 | D:4      | Killed Natasha
  4904 | D:5      | Reached skill level 10 in Polearms
  5155 | D:5      | Found an opulent altar of Gozag.
  5155 | D:5      | Found an iron altar of Okawaru.
  5185 | D:5      | Found a white marble altar of Elyvilon.
  5516 | D:6      | Reached XP level 9. HP: 71/71 MP: 9/9
  5529 | D:6      | Reached skill level 11 in Polearms
  5696 | D:6      | Found a staircase to the Ecumenical Temple.
  5915 | Temple   | Entered the Ecumenical Temple
  6214 | Temple   | Became a worshipper of Zin the Law-Giver
  6214 | Temple   | Reached * piety under Zin
  6214 | Temple   | Reached ** piety under Zin
  6350 | D:6      | Reached *** piety under Zin
  6849 | D:7      | Reached skill level 12 in Polearms
  6885 | D:7      | Reached **** piety under Zin
  7344 | D:7      | Reached skill level 5 in Armour
  7388 | D:7      | Reached skill level 13 in Polearms
  7388 | D:7      | Reached XP level 10. HP: 78/80 MP: 10/10
  7474 | D:7      | Noticed Joseph
  7514 | D:7      | Killed Joseph
  7515 | D:7      | Reached skill level 10 in Dodging
  8071 | D:8      | Noticed a two-headed ogre
  8092 | D:8      | Killed a two-headed ogre
  8093 | D:8      | Reached skill level 14 in Polearms
  8523 | D:9      | Noticed Grum
  8560 | D:9      | Reached skill level 1 in Invocations
  8793 | D:9      | Reached skill level 15 in Polearms
  8822 | D:9      | Killed Grum
  8823 | D:9      | Reached XP level 11. HP: 48/89 MP: 13/13
  9113 | D:9      | Found a burning altar of Makhleb.
  9310 | D:9      | Identified the +1 robe of the Game of Life {rN+}
  9313 | D:9      | Found a staircase to the Lair.
  9332 | D:9      | Reached ***** piety under Zin
  9523 | D:9      | Found a glowing golden altar of the Shining One.
  9613 | D:9      | Reached skill level 16 in Polearms
  9774 | D:9      | Fell from the grace of Zin
  9774 | D:9      | Became a worshipper of the Shining One
  9774 | D:9      | Reached * piety under the Shining One
  9774 | D:9      | Reached ** piety under the Shining One
  9819 | D:10     | Entered Level 10 of the Dungeon
 10044 | D:10     | Found a staircase to the Orcish Mines.
 10058 | D:10     | Reached skill level 10 in Fighting
 10582 | D:11     | Reached skill level 1 in Shields
 10765 | D:11     | Reached *** piety under the Shining One
 10765 | D:11     | Noticed Josephine
 10766 | D:11     | Reached skill level 5 in Invocations
 10812 | D:11     | Killed Josephine
 11069 | D:11     | Noticed Urug
 11080 | D:11     | Killed Urug
 11081 | D:11     | Reached XP level 12. HP: 77/98 MP: 16/16
 11357 | D:12     | Noticed a boulder beetle
 11382 | D:12     | Killed a boulder beetle
 11463 | D:12     | Noticed a centaur warrior
 11475 | D:12     | Killed a centaur warrior
 11476 | D:12     | Reached skill level 17 in Polearms
 11488 | D:12     | Noticed Erolcha
 11504 | D:12     | Killed Erolcha
 11539 | D:12     | Noticed a tengu warrior
 11542 | D:12     | Found an ancient bone altar of Kikubaaqudgha.
 11629 | D:12     | Killed a tengu warrior
 11644 | D:12     | Noticed a two-headed ogre
 11651 | D:12     | Killed a two-headed ogre
 11762 | D:12     | Noticed Fannar
 11780 | D:12     | Killed Fannar
 12027 | D:12     | Reached **** piety under the Shining One
 12055 | D:12     | Noticed a six-headed hydra
 12067 | D:12     | Killed a six-headed hydra
 12287 | D:13     | Noticed a vault guard
 12317 | D:13     | Killed a vault guard
 12318 | D:13     | Reached skill level 5 in Shields
 12431 | D:13     | Reached XP level 13. HP: 91/106 MP: 18/18
 12481 | D:13     | Noticed a vault guard
 12492 | D:13     | Killed a vault guard
 12764 | D:13     | Found a gate to the Vaults.
 13061 | D:13     | Reached skill level 18 in Polearms
 13144 | D:14     | Reached ***** piety under the Shining One
 13436 | D:14     | Noticed Frances
 13455 | D:14     | Killed Frances
 13520 | D:14     | Paralysed by an air elemental for 1 turns
 13746 | D:14     | Reached skill level 15 in Dodging
 14101 | D:14     | Acquired a manual of Invocations
 14120 | D:14     | Reached XP level 14. HP: 73/116 MP: 21/21
 14160 | D:15     | Entered Level 15 of the Dungeon
 14245 | D:15     | Reached skill level 10 in Invocations
 14284 | D:15     | Reached skill level 19 in Polearms
 14642 | D:15     | Identified Roxanne's Discursus on Metamorphosis
 14642 | D:15     | Noticed Roxanne
 14761 | D:15     | Found a transporter.
 14778 | D:15     | Found a transporter.
 14794 | D:15     | Noticed Keluf's ghost (journeyman GrFi)
 14804 | D:15     | Found a one-way gate to the infinite horrors of the Abyss.
 14856 | D:15     | Noticed Agnes
 14871 | D:15     | Killed Agnes
 14965 | D:15     | Noticed Nessos
 14973 | D:15     | Killed Nessos
 15166 | D:15     | Found a staircase to the Depths.
 15166 | D:15     | Noticed a stone giant
 15180 | D:15     | Killed a stone giant
 15346 | D:15     | Noticed a ghost moth
 15421 | D:15     | Noticed a tentacled starspawn
 15495 | D:15     | Killed Roxanne
 15728 | Lair:1   | Entered Level 1 of the Lair of Beasts
 15819 | Lair:1   | Reached ****** piety under the Shining One
 15844 | Lair:1   | Found a frozen archway.
 15856 | IceCv    | Entered an ice cave
 16943 | Lair:1   | Found a hide-covered altar of Uskayaw.
 17100 | Lair:1   | Noticed Erica
 17107 | Lair:1   | Killed Erica
 17680 | Lair:2   | Noticed Amaemon
 17695 | Lair:2   | Killed Amaemon
 17824 | Lair:2   | Found a hole to the Spider Nest.
 18097 | Lair:2   | Reached XP level 15. HP: 121/126 MP: 24/24
 18543 | Lair:3   | Reached skill level 20 in Polearms
 19477 | Lair:3   | Found a staircase to the Shoals.
 19928 | Lair:4   | Identified the amulet of Alyeroj {Acrobat rPois Dex+4}
 20081 | Lair:4   | Found a staircase to the Slime Pits.
 20086 | Lair:4   | Found a viscous altar of Jiyva.
 20151 | Lair:4   | Noticed Snorg
 20163 | Lair:4   | Killed Snorg
 20630 | Lair:5   | Entered Level 5 of the Lair of Beasts
 20841 | Lair:5   | Found a runed translucent gate.
 20841 | Lair:5   | Found a runed translucent gate.
 20843 | Lair:5   | Found a runed translucent gate.
 20844 | Lair:5   | Noticed Qatuann's ghost (journeyman TrBe)
 21002 | Lair:5   | Reached skill level 15 in Fighting
 21357 | Lair:5   | Reached skill level 15 in Invocations
 21562 | Lair:5   | Reached skill level 21 in Polearms
 21582 | Lair:5   | Reached XP level 16. HP: 136/136 MP: 27/27
 21845 | Lair:5   | Found a corrupted altar of Lugonu.
 22020 | Lair:5   | Killed Qatuann's ghost
 22264 | Orc:1    | Entered Level 1 of the Orcish Mines
 22283 | Orc:1    | Found Voirumibli's Armour Shop.
 22712 | Orc:2    | Entered Level 2 of the Orcish Mines
 22886 | Orc:2    | Found a staircase to the Elven Halls.
 22889 | Orc:2    | Noticed Rupert
 22889 | Orc:2    | Paralysed by Rupert for 2 turns
 23093 | Orc:1    | Noticed Jorgrun
 23114 | Orc:1    | Killed from afar by Jorgrun

Illustrated notes

Levels and vault maps discovered:
D:1:      elethiomel_arrival_quiet, layout_loops_corners,
          shapermc_ecumenical_altar_starsandcircs, st_stairs_10,
          minmay_pentomino_p4
D:2:      minmay_inner_zag, layout_basic, minmay_statues_item,
          uniq_crazy_yiuf_cottage
D:3:      layout_rooms, minmay_misc_feat_enclosed, kennysheep_crisscross,
          interstate_on_off, kennysheep_small_spiral, minmay_divided_ellipse
D:4:      wad_lake_hut, layout_basic, uniq_natasha
D:5:      layout_basic, gammafunk_temple_overflow_forgotten, roderic_batcave
D:6:      minmay_spotlight, layout_cave_pods, minmay_temple_entry_mini_moons,
          nicolae_ossuary_entry_ruins, serial_column_ruins, column_ruins_hut,
          column_ruins_open_tiny, column_ruins_columns_T,
          column_ruins_columns_dead_end, minivault_10
D:7:      layout_loops_cross, uniq_joseph
D:8:      layout_loops_corners, eino_curves_03
D:9:      layout_cave_pods, mainiacjoe_overflow_brackets,
          nicolae_tso_swordbearing_angel, erik_lair_dragon, nzn_life_drinkers,
          uniq_grum
D:10:     layout_irregular_city, orc_david_3, minmay_misc_feat_plants
D:11:     layout_stronghold, uniq_josephine, uniq_urug
D:12:     layout_loops_cross, kiku_gazebo_garden_becter, uniq_fannar,
          uniq_erolcha
D:13:     layout_roguey, ximxim_vaults_locker_room, serial_glass,
          glass_columns_a, glass_columns_a, nrook_loot_triangle
D:14:     layout_roguey [special_room_mythical_zoo],
          nicolae_elevator_lobby_asterisk, dreamdust_looks_like_rain,
          uniq_frances
D:15:     grunt_enter_depths_snipers, layout_loops_ring,
          gammafunk_ghost_abyssal_escape, uniq_nessos, uniq_agnes, uniq_roxanne
Temple:   minmay_temple_bridge_d
Lair:1:   layout_regular_city, portal_ice_cave_entry_imps, basic_altar,
          uniq_erica
Lair:2:   layout_cave_pods, spider_nest_entry_a, uniq_amaemon
Lair:3:   regret_index_tunnel_blossom, layout_misc_corridors,
          elwin_shoals_entry_rocks, special_room [special_room_bee],
          grunt_forest_stairs_basic, st_stairs_11, patterned_corridor
Lair:4:   layout_loops_ring, minmay_slime_entry_jelly_boxes, serial_rivers,
          chequers_serial_rivers_micro_d, chequers_serial_rivers_small_b,
          chequers_serial_rivers_micro_b, chequers_serial_rivers_small_b,
          uniq_snorg
Lair:5:   hellmonk_lair_end_abyssal_woods, layout_regular_city,
          gammafunk_ghost_hydra_chop
Orc:1:    minmay_goldmine, layout_caves, serial_shops, nicolae_shop_stone,
          elf_legates, uniq_jorgrun
Orc:2:    grunt_orc_tribal_feast, layout_diamond_mine, uniq_rupert

Skill      XL: |  1  2  3  4  5  6  7  8  9 10 11 12 13 14 15 16 |
---------------+-------------------------------------------------+-----
Fighting       | 3 4 5 6 7 9 10 11 12 14 15 | 15.6
Armour         | 1 2 3 4 5 |  5.6
Polearms       | 5 6 7 9 10 13 15 16 17 18 19 21 | 21.4
Dodging        | 5 6 7 8 9 11 12 14 15 16 18 | 18.6
Invocations    | 3 5 7 9 12 15 16 | 16.1
Shields        | 2 5 |  5.9
Throwing       | |  2.0

Action                   |  1- 3 |  4- 6 |  7- 9 | 10-12 | 13-15 | 16-18 || total
-------------------------+-------+-------+-------+-------+-------+-------++-------
Melee: Trident           |   122 |   170 |   663 |   820 |  1748 |   307 ||  3830
       Punch             |     1 |     2 |    14 |     7 |       |       ||    24
       Tailslap          |       |       |       |       |     1 |       ||     1
Throw: Throwing net      |       |     1 |     3 |     1 |     2 |       ||     7
Invok: Divine Shield     |       |       |       |       |     4 |     1 ||     5
       Cleansing Flame   |       |       |       |       |       |     1 ||     1
       Summon Divine War |       |       |       |       |       |     1 ||     1
  Use: Scroll            |     3 |     3 |    17 |     5 |     7 |     2 ||    37
       Potion            |       |     1 |       |       |     2 |     2 ||     5
 Stab: Sleeping          |     1 |       |     6 |       |       |       ||     7
       Held in net/web   |       |     1 |     2 |     2 |       |       ||     5
Armor: Leather armour    |    19 |       |       |       |    25 |       ||    44
       Troll leather arm |     7 |    74 |   144 |    91 |   190 |    28 ||   534
Dodge: Dodged            |    60 |   117 |   314 |   336 |   689 |   153 ||  1669
Block: Other             |       |       |    66 |    57 |       |       ||   123
       Reflection        |       |       |     1 |    13 |    19 |     2 ||    35
       Buckler           |       |       |       |    74 |   500 |   153 ||   727

Table legend: (Time is in decaauts)
 A = Elapsed time spent in this place.
 B = Non-inter-level travel time spent in this place.
 C = Inter-level travel time spent in this place.
 D = Time resting spent in this place.
 E = Time spent auto-exploring this place.
 F = Levels seen in this place.
 G = Mean time per level.
                   A        B        C        D        E       F      G
               +--------+--------+--------+--------+--------+-----+--------+
         Total |  21926 |  20795 |   1131 |    901 |  14907 |  25 |  877.0 |
       Dungeon |  14567 |  13746 |    821 |    796 |   9970 |  15 |  971.1 |
        Temple |    370 |    230 |    140 |      0 |    214 |   1 |  370.0 |
          Lair |   4981 |   4826 |    155 |     21 |   3505 |   5 |  996.2 |
  Orcish Mines |    816 |    802 |     14 |      0 |    570 |   2 |  408.0 |
       Ossuary |    239 |    239 |      0 |      0 |     79 |   1 |  239.0 |
      Ice Cave |    950 |    950 |      0 |     84 |    567 |   1 |  950.0 |
               +--------+--------+--------+--------+--------+-----+--------+

Top non-repeatable levels by time:
     D:9: 1400 daAuts
     D:1: 1343 daAuts
  Lair:5: 1292 daAuts
    D:15: 1271 daAuts
     D:2: 1220 daAuts
  Lair:3: 1166 daAuts
     D:6: 1095 daAuts
    D:14: 1008 daAuts
   IceCv: 950 daAuts
  Lair:1: 913 daAuts
     D:4: 878 daAuts
     D:7: 864 daAuts
  Lair:2: 855 daAuts
     D:3: 840 daAuts
    D:11: 827 daAuts
